AoeStats
← riskybusiness69

Arena

508132850Analyzed
1v1 RM · 12d ago on Sep 21, 2026· 44m 18s· 2 players
Game mode
Random Map
Map size
Tiny (2 player)
Population
200
Speed
Normal
Resources
Standard
Victory
Conquest
Starting age
Dark Age
Ending age
Imperial Age
RankedLock teamsTeams togetherTeam positionsShared explorationLock speedFull tech treeHidden civsTurbo modeCheats
Victory
Defeat
🇺🇸 Magyars · United States
976
+15
🇺🇸 Malians · United States
955
-44
riskybusiness69
7:33 Loom
10:58 Feudal Age
12:53 Double-Bit Axe
14:59 Wheelbarrow
14:40 Scale Barding Armor
15:13 Bloodlines
21:44 Castle Age
20:01 Scale Mail Armor
21:24 Bloodlines
21:49 Light Cavalry
22:30 Pikeman
26:05 Chain Barding Armor
28:02 Chain Mail Armor
28:50 Bow Saw
29:37 Squires
29:01 Elite Skirmisher
30:00 Fletching
31:08 Bodkin Arrow
31:09 Gold Mining
31:26 Husbandry
32:46 Hand Cart
34:28 Horse Collar
36:19 Ballistics
36:32 Padded Archer Armor
40:00 Imperial Age
40:40 Leather Archer Armor
42:28 Ring Archer Armor
WarChicken
11:00 Feudal Age
15:06 Castle Age
12:58 Double-Bit Axe
14:10 Horse Collar
17:07 Loom
18:16 Bloodlines
18:59 Husbandry
19:59 Light Cavalry
24:54 Wheelbarrow
29:21 Imperial Age
27:09 Hand Cart
29:04 Bow Saw
30:45 Ballistics
31:25 Chemistry
33:17 Two-Man Saw
33:13 Parthian Tactics
33:42 Gold Mining
33:56 Fletching
34:06 Padded Archer Armor
34:32 Thumb Ring
37:07 Corvinian Army
37:14 Scale Barding Armor
37:05 Bodkin Arrow
38:42 Heavy Cavalry Archer
39:48 Bracer
40:27 Conscription
40:37 Heavy Plow
41:46 Gold Shaft Mining
41:01 Stone Mining
41:37 Leather Archer Armor
41:43 Chain Barding Armor
41:04 Elite Magyar Huszar
42:26 Recurve Bow
Connection lost

Rejoining the realm…

Still unreachable

The connection could not be restored.

Session expired

The server has moved on; the page needs a fresh start.